 Dungeon Crawl Stone Soup version 0.31-a0-1338-gb567cfdca4 (webtiles) character file.

Game seed: 14039749962273527235

597 IdlyInterested the Cutter (level 7, 0/52 HPs)
             Began as a Demonspawn Fighter on Dec 21, 2023.
             Splashed by a jelly's acid (6 damage)
             ... on level 5 of the Dungeon.
             The game lasted 00:12:50 (3438 turns).

IdlyInterested the Cutter (Demonspawn Fighter)      Turns: 3438, Time: 00:12:51

Health: 0/52       AC: -6    Str: 16    XL:     7   Next: 17%
Magic:  8/8        EV:  7    Int:  8    God:
Gold:   62         SH:  4    Dex: 15    Spells: 6/8 levels left

rFire   . . .        p - +1 whip (elec)
rCold   . . .        (no shield)
rNeg    . . .        d - +0 chain mail
rPois   .            (no helmet)
rElec   .            (no cloak)
rCorr   .            (no gloves)
SInv    .            (no boots)
Will    .....        (no amulet) Stlth
                     (no ring)
HPRegen 0.28/turn    (no ring)
MPRegen 0.11/turn

%: no passive effects
@: corroded
A: condensation shield, weakness stinger 1, demonic touch 2
a: no special abilities


You were on level 5 of the Dungeon.
You visited 2 branches of the dungeon, and saw 6 of its levels.

You collected 232 gold pieces.
You spent 170 gold pieces at shops.

Inventory:

Hand Weapons
 f - a +2 vampiric dagger
 g - a +0 long sword
 h - a +0 short sword
 p - a +1 whip of electrocution (weapon)
 t - the +2 sling of Doom {flame, +Blink rC+++ Str-2 SInv}
   (You found it on level 3 of the Dungeon)

   Str-2:     It affects your strength (-2).
   rC+++:     It renders you almost immune to cold.
   SInv:      It lets you see invisible.
   +Blink:    It lets you blink.
Missiles
 b - 3 datura-tipped darts
 e - 29 stones
 r - a throwing net
Armour
 a - a +0 scale mail
 d - a +0 chain mail (worn)
 j - an orb of guile
 k - a +0 ring mail
Wands
 n - a wand of flame (8)
Scrolls
 i - a scroll of teleportation
 l - a scroll of fear
 o - 2 scrolls of enchant weapon
 q - a scroll of amnesia
 v - a scroll of enchant armour
 x - a scroll of torment
Potions
 c - 3 potions of might
 m - a potion of curing
 s - a potion of mutation {unknown}
 u - a potion of berserk rage {unknown}
 w - a potion of invisibility
 z - a potion of heal wounds {unknown}


   Skills:
 - Level 3.0 Fighting
 * Level 5.8 Short Blades
 + Level 1.0 Throwing
 - Level 3.0 Armour
 - Level 1.0 Dodging
 - Level 1.0 Stealth
 - Level 2.6 Shields
 - Level 2.0 Unarmed Combat
 - Level 1.0 Spellcasting
 - Level 1.0 Earth Magic
 - Level 1.0 Alchemy
 - Level 1.0 Evocations


You had 6 spell levels left.
You knew the following spells:

 Your Spells              Type           Power      Damage    Failure   Level
a - Passwall              Alch/Erth      1%         N/A       99%         2

Your spell library contained the following spells:

 Spells                   Type           Power      Damage    Failure   Level
 Sting                    Conj/Alch      4%         1d3       98%         1
 Mercury Vapours          Alch/Air       2%         N/A       99%         2
 Ensorcelled Hibernation  Hex/Ice        0%         N/A       100%        2
 Dazzling Flash           Conj/Hex       0%         N/A       100%        3
 Mephitic Cloud           Conj/Alch/Air  0%         N/A       100%        3
 Swiftness                Air            0%         N/A       100%        3
 Olgreb's Toxic Radiance  Alch           2%         N/A       100%        4
 Agony                    Necr           0%         N/A       100%        5
 Silence                  Hex/Air        0%         N/A       100%        5


Dungeon Overview and Level Annotations

Branches:
Dungeon (5/15)             Temple (1/1) D:5

Altars:
Ashenzari
Hepliaklqana
Kikubaaqudgha
Okawaru
Ru
Uskayaw
Vehumet
Wu Jian
Xom
Yredelemnul

Shops:
D:3 ?


Innate Abilities, Weirdness & Mutations

A meltable shield of frost defends you. (SH +4)
You have a small tail.
Your touch may inflict irresistible damage on your foes.


Message History

You have reached level 7!
Your demonic ancestry asserts itself...
Your hands glow brighter with unholy energy.
The gnoll shouts!
A jelly comes into view.
The gnoll barely misses you. The gnoll hits you but does no damage.
You hit the gnoll but do no damage. Lightning courses through the gnoll!
You kill the gnoll!
A sleepcap comes into view.
You see here a flux talisman.
Found a scroll of identify.
The jelly hits you but does no damage.
Things that are here:
a +0 scythe; a +2 robe; the human corpse of Sigmund You hit the jelly but do no damage.
The acid corrodes you!
Your hands burn!
Your tail-slap misses the jelly.
The sleepcap releases spores at you.
You are engulfed in a cloud of soporific spores!
You fall asleep.
The jelly hits you.
You wake up.
You are splashed with acid!
You hit the jelly but do no damage. The acid corrodes you!
Your hands burn!
You tail-slap the jelly, but do no damage.
You touch the jelly!
The jelly is heavily wounded.
The sleepcap releases spores at you. The jelly hits you. The acid corrodes you!
You are splashed with acid!
You hit the jelly but do no damage.
Your hands burn!
You tail-slap the jelly.
The jelly is severely wounded.
The sleepcap releases spores at you.
You are engulfed in a cloud of soporific spores!
You are unaffected.
The jelly hits you.
* * * LOW HITPOINT WARNING * * *
The acid corrodes you!
You are splashed with acid!
* * * LOW HITPOINT WARNING * * *
You feel better. The sleepcap releases spores at you!
* * * LOW HITPOINT WARNING * * *
You are engulfed in a cloud of soporific spores!
You are unaffected.
The jelly hits you.
* * * LOW HITPOINT WARNING * * *
You are splashed with acid.
You die...

....?.##.. .##...
.<....#... .#..#
........####....
#......##....#
#......>.....
#......###.##########.
#.....))...........
#.%###.....).#)####
#.@J.#..######)#
#......f..#..# #†#
...####......# #.# ?
#..##.## #.# ......#
#.# #.##..# #.# #.# .
#.# ## #.. . #.# #.
###.# #.


You could see a sleepcap and a jelly.

Vanquished Creatures
  Sigmund (D:5)
  2 black bears
  An orc priest (D:4)
  A hound (D:4)
  An iguana (D:4)
  7 adders
  4 gnolls (D:5)
  A bombardier beetle (D:4)
  A worm (D:3)
  7 orcs
  5 ball pythons
  7 endoplasms
  7 giant cockroaches
  3 hobgoblins
  4 jackals (D:2)
  5 kobolds
  4 quokkas
  7 bats
  2 frilled lizards
  3 goblins
  7 rats
  A spectral orc (D:3)
81 creatures vanquished.

Notes
Turn   | Place    | Note
-------+----------+-------------------------------------------
     0 | D:1      | IdlyInterested the Demonspawn Fighter began the quest for
                  | the Orb.
     0 | D:1      | Reached XP level 1. HP: 18/18 MP: 1/1
   163 | D:1      | Reached skill level 1 in Throwing
   307 | D:1      | Discovered your monstrous ancestry.
   307 | D:1      | Gained mutation: Your touch may inflict minor irresistible
                  | damage on your foes. [demonic ancestry]
   307 | D:1      | Reached XP level 2. HP: 24/24 MP: 2/2
   685 | D:1      | Reached skill level 1 in Short Blades
   783 | D:2      | Gained mutation: You have a small tail. [demonic ancestry]
   783 | D:2      | Reached XP level 3. HP: 29/29 MP: 3/3
   926 | D:2      | Learned a level 2 spell: Passwall
  1190 | D:2      | Reached skill level 1 in Dodging
  1732 | D:3      | Reached skill level 2 in Short Blades
  1775 | D:3      | Identified the +2 sling of Doom {flame, +Blink rC+++ Str-2
                  | SInv}
  1778 | D:3      | Found Xacag's Magic Scroll Shop.
  1790 | D:3      | Gained mutation: A meltable shield of frost defends you.
                  | (SH +4) [demonic ancestry]
  1790 | D:3      | Reached XP level 4. HP: 31/35 MP: 4/4
  2046 | D:3      | Found a basalt altar of Yredelemnul.
  2134 | D:3      | Bought a scroll of enchant armour for 75 gold pieces
  2203 | D:4      | Reached skill level 1 in Stealth
  2312 | D:4      | Reached skill level 3 in Short Blades
  2312 | D:4      | Reached XP level 5. HP: 37/41 MP: 4/6
  2382 | D:4      | Noticed a black bear
  2389 | D:4      | Reached skill level 1 in Spellcasting
  2397 | D:4      | Killed a black bear
  2398 | D:4      | Reached skill level 4 in Short Blades
  2398 | D:4      | Reached skill level 1 in Alchemy
  2742 | D:4      | Reached XP level 6. HP: 47/47 MP: 7/7
  3085 | D:3      | Bought a scroll of torment for 95 gold pieces
  3131 | D:5      | Entered Level 5 of the Dungeon
  3238 | D:5      | Found a staircase to the Ecumenical Temple.
  3243 | Temple   | Entered the Ecumenical Temple
  3299 | D:5      | Reached skill level 5 in Short Blades
  3299 | D:5      | Reached skill level 1 in Earth Magic
  3423 | D:5      | Noticed Sigmund
  3426 | D:5      | Killed Sigmund
  3427 | D:5      | Reached skill level 1 in Evocations
  3427 | D:5      | Gained mutation: Your touch may inflict irresistible damage
                  | on your foes. [demonic ancestry]
  3427 | D:5      | Reached XP level 7. HP: 50/52 MP: 8/8
  3438 | D:5      | Splashed by a jelly's acid

Illustrated notes

Levels and vault maps discovered:
D:1:      giann_bridges, layout_basic, item_on_display_a
D:2:      layout_basic, serial_aquarium, aquarium_bridge_long_separate
          [aquarium_subvault_balcony, aquarium_subvault_bridge,
          aquarium_subvault_window, aquarium_subvault_bridge,
          aquarium_subvault_bridge, aquarium_subvault_bridge],
          aquarium_bridge_straight [aquarium_subvault_bridge,
          aquarium_subvault_wall, aquarium_subvault_bridge,
          aquarium_subvault_window], aquarium_window_fake,
          aquarium_window_corridor_1, aquarium_window_fake, aquarium_view_2c,
          aquarium_view_2b, aquarium_pool_2
D:3:      layout_rooms, yredelemnul_forgotten_temple_becter, serial_shops,
          nicolae_square_shop
D:4:      layout_loops_ring, minmay_between
D:5:      layout_basic, temple_doors_cd, uniq_ijyb, uniq_crazy_yiuf_cottage,
          uniq_sigmund
Temple:   nicolae_temple_ecumenical_triangle

Skill      XL: |  1  2  3  4  5  6 |
---------------+-------------------+-----
Unarmed Combat | 2 |  2.0
Throwing       | 1 |  1.0
Armour         | 3 |  3.0
Short Blades   | 1 2 3 4 5 |  5.8
Dodging        | 1 |  1.0
Stealth        | 1 |  1.0
Spellcasting   | 1 |  1.0
Alchemy        | 1 |  1.0
Earth Magic    | 1 |  1.0
Evocations     | 1 |  1.0
Fighting       | |  3.0
Shields        | |  2.6

Action                     |  1- 3 |  4- 6 |  7- 9 || total
---------------------------+-------+-------+-------++-------
  Melee: Unarmed           |    99 |       |       ||    99
         Touch             |    15 |    18 |     1 ||    34
         Whip              |    46 |    80 |     4 ||   130
         Tailslap          |     5 |     9 |     2 ||    16
         Punch             |       |     1 |       ||     1
    Use: Scroll            |     2 |     5 |       ||     7
         Potion            |     1 |       |     1 ||     2
 Armour: Chain mail        |   126 |    52 |    10 ||   188
  Dodge: Dodged            |    71 |    25 |     1 ||    97
  Block: Buckler           |     6 |       |       ||     6
         Other             |       |    21 |       ||    21

Table legend: (Time is in decaauts)
 A = Elapsed time spent in this place.
 B = Non-inter-level travel time spent in this place.
 C = Inter-level travel time spent in this place.
 D = Time resting spent in this place.
 E = Time spent auto-exploring this place.
 F = Levels seen in this place.
 G = Mean time per level.
                   A        B        C        D        E       F      G
               +--------+--------+--------+--------+--------+-----+--------+
         Total |   3448 |   3120 |    328 |    472 |   1832 |   6 |  574.7 |
       Dungeon |   3447 |   3119 |    328 |    472 |   1832 |   5 |  689.4 |
        Temple |      1 |      1 |      0 |      0 |      0 |   1 |    1.0 |
               +--------+--------+--------+--------+--------+-----+--------+

Top non-repeatable levels by time:
     D:4: 934 daAuts
     D:1: 830 daAuts
     D:2: 811 daAuts
     D:3: 562 daAuts
     D:5: 308 daAuts
  Temple: 1 daAuts
